 Dungeon Crawl Stone Soup version 0.31.0-1-g2c135a008e (webtiles) character file.

Game seed: 6888438095551433652

95 qw the Shooter (level 4, -6/35 HPs)
             Began as a Djinni Hunter on Jan 24, 2024.
             Mangled by an orc
             ... wielding a +0 flail
              (9 damage)
             ... on level 3 of the Dungeon.
             The game lasted 00:00:05 (1152 turns).

qw the Shooter (Djinni Hunter)                      Turns: 1152, Time: 00:00:05

Health: -6/35      AC:  5    Str: 14    XL:     4   Next: 97%
Gold:   157        EV: 16    Int: 10    God:
                   SH:  0    Dex: 17

rFire   + + .        a - +0 shortbow
rCold   x . .        (shield currently unavailable)
rNeg    . . .        m - +0 ring mail
rPois   inf          (no helmet)
rElec   .            (no cloak)
rCorr   +            (no gloves)
SInv    .            (boots unavailable)
Will    +....        d - amulet of the acrobat
Stlth   ++           f - +5 ring of evasion
HPRegen 0.25/turn    j - ring "Plog" {Will+ rCorr Str+4 Dex-2 Stlth+}
MPRegen 0.00/turn

%: acrobat, infuse magic (-7 HP)
@: flying
A: sickness immunity, fire resistance 2, cold vulnerability 1, float, innate
caster, HP casting, extra vitality 1
a: no special abilities


You were on level 3 of the Dungeon.
You visited 1 branch of the dungeon, and saw 3 of its levels.

You collected 157 gold pieces.


Innate Abilities, Weirdness & Mutations

You are immune to sickness and miasma.
You are immune to poison.
Your flesh is very heat resistant. (rF++)
You are vulnerable to cold. (rC-)
You float through the air rather than walking.
You learn spells naturally, not from books.
Your magical power is your life essence.
You have superior vitality. (+4 MHP)


   Skills:
 - Level 3.0 Fighting
 + Level 4.0 Ranged Weapons
 - Level 1.6 Armour
 - Level 2.5 Dodging
 - Level 0.7 Stealth


You knew the following spells:

 Your Spells              Type           Power      Damage    Failure   Level
a - Sandblast             Erth           0%         2d4       61%         1
Your spell library was empty.

Inventory:

Hand Weapons
 a - a +0 shortbow (weapon)
Armour
 m - a +0 ring mail (worn)
Jewellery
 d - an amulet of the acrobat (around neck)
 f - a +5 ring of evasion (left hand)
 j - the ring "Plog" (right hand) {Will+ rCorr Str+4 Dex-2 Stlth+}
   (You found it on level 2 of the Dungeon)

   [ring of resist corrosion]

   Str+4:     It affects your strength (+4).
   Dex-2:     It affects your dexterity (-2).
   Will+:     It increases your willpower.
   rCorr:     It protects you from acid and corrosion.
   Stlth+:    It makes you more stealthy.
Potions
 e - 3 potions of curing
 i - a potion of heal wounds {unknown}
 k - a potion of lignification {unknown}
 l - a potion of might {unknown}

Dungeon Overview and Level Annotations

Branches:
Dungeon (3/15)

Altars:
Xom

Portals:
Sewer: D:3


Message History

The orc is almost dead.
You hear a shout!
An orc comes into view. It is wielding a +0 flail.
You shoot an arrow. The arrow hits the orc.
You kill the orc!
You shoot an arrow. The arrow barely misses the orc wizard.
The orc wizard casts a spell at you. The magic dart hits you.
You shoot an arrow.
The arrow closely misses the orc wizard.
You shoot an arrow. The arrow barely misses the orc wizard.
The arrow hits the orc but does no damage.
The orc wizard mumbles some strange words.
The orc wizard flickers and vanishes!
Deactivating autopickup; reactivate with Ctrl-A.
You shoot an arrow. The arrow hits the orc!
The orc is almost dead.
The orc barely misses you. Something hits you but does no damage.
You shoot an arrow.
The arrow hits the orc but does no damage.
The orc is almost dead.
The orc misses you.
Something hits you. x2; The orc completely misses you.
You shoot an arrow.
The arrow hits the orc but does no damage.
The orc is almost dead.
The orc hits you with a +0 flail! Something hits you but does no damage.
You shoot an arrow. The arrow barely misses the orc.
You hear the rusting of a very distant drain.
The orc hits you with a +0 flail. Something hits you but does no damage.
You shoot an arrow.
The arrow hits the orc but does no damage.
The orc is almost dead.
The orc hits you with a +0 flail.
You hear some strange, mumbled words.
A magic dart appears from out of thin air!
The magic dart hits you! The orc hits you with a +0 flail.
Something closely misses you.
You shoot an arrow. The arrow barely misses the orc.
The orc hits you with a +0 flail!
You die...

#......## ........
#......# #......#
#.)....####
#.........#
.#####.{o....#
.......@.....#
.########...#######
>..................
.########.!.###.###
##### #


You could see an orc.

Vanquished Creatures
  An orc wizard (D:3)
  2 adders (D:2)
  3 dart slugs (D:1)
  A ribbon worm (D:3)
  3 orcs (D:3)
  3 ball pythons
  4 endoplasms
  3 giant cockroaches
  4 hobgoblins
  5 jackals
  2 quokkas
  2 bats
  2 frilled lizards
  5 kobolds
40 creatures vanquished.

Notes
Turn   | Place    | Note
-------+----------+-------------------------------------------
     0 | D:1      | qw the Djinni Hunter began the quest for the Orb.
     0 | D:1      | Reached XP level 1. HP: 18/18 MP: 0/0
     0 | D:1      | 0 ||| qw: Version: 0.3-a-136-gdd3b4e8
     0 | D:1      | 0 ||| qw: Game counter: 1428
     0 | D:1      | 0 ||| qw: Melee chars always use a shield: true
     0 | D:1      | 0 ||| qw: God list: Okawaru
     0 | D:1      | 0 ||| qw: Allow faded altars: false
     0 | D:1      | 0 ||| qw: Do Orc after clearing Dungeon:15 true
     0 | D:1      | 0 ||| qw: Do second Lair branch before Depths: true
     0 | D:1      | 0 ||| qw: Lair rune preference: random
     0 | D:1      | 0 ||| qw: Goals: Normal
     0 | D:1      | 0 ||| PLANNING D:1-11
   103 | D:1      | Reached XP level 2. HP: 18/23 MP: 0/0
   422 | D:1      | 422 ||| UPGRADING to amulet of the acrobat.
   427 | D:1      | 427 ||| UPGRADING to +5 ring of evasion.
   428 | D:1      | 428 ||| READING scroll labelled ITACLI QUTUTE.
   429 | D:1      | 429 ||| READING scroll labelled VETENU UWNEJ.
   429 | D:1      | 429 ||| IDENTIFYING 3 sapphire potions
   430 | D:1      | 430 ||| DROPPING scroll of butterflies.
   488 | D:2      | Reached XP level 3. HP: 28/28 MP: 0/0
   488 | D:2      | Learned a level 1 spell: Sandblast
   498 | D:2      | Found a shimmering altar of Xom.
   514 | D:2      | Reached skill level 4 in Ranged Weapons
   831 | D:2      | Reached skill level 3 in Fighting
   831 | D:2      | Reached XP level 4. HP: 35/35 MP: 0/0
   855 | D:2      | Identified the ring "Plog" {Will+ rCorr Str+4 Dex-2 Stlth+}
   909 | D:2      | You are sucked into a shaft and drop 1 floor!
   910 | D:3      | 910 ||| PLANNING SEWER
  1088 | D:3      | Found a glowing drain.
  1092 | D:3      | 1092 ||| UPGRADING to +0 ring mail.
  1102 | D:3      | 1102 ||| DROPPING +0 leather armour.
  1106 | D:3      | 1106 ||| UPGRADING to ring "Plog" {Will+ rCorr Str+4 Dex-2
                  | Stlth+}.
  1107 | D:3      | 1107 ||| READING scroll of identify.
  1107 | D:3      | 1107 ||| IDENTIFYING fizzy amethyst potion
  1108 | D:3      | 1108 ||| READING scroll labelled UCKOJA INIA.
  1123 | D:3      | 1123 ||| DROPPING potion of ambrosia.
  1124 | D:3      | 1124 ||| Stepping randomly (stuck).
  1125 | D:3      | 1125 ||| Stepping randomly (stuck).
  1126 | D:3      | 1126 ||| Stepping randomly (stuck).
  1127 | D:3      | 1127 ||| Stepping randomly (stuck).
  1128 | D:3      | 1128 ||| Stepping randomly (stuck).
  1129 | D:3      | 1129 ||| Stepping randomly (stuck).
  1130 | D:3      | 1130 ||| Stepping randomly (stuck).
  1131 | D:3      | 1131 ||| Stepping randomly (stuck).
  1132 | D:3      | 1132 ||| Stepping randomly (stuck).
  1142 | D:3      | Reached skill level 1 in Armour
  1151 | D:3      | HP: 6/35 [something/magic dart (7)]
  1152 | D:3      | Mangled by an orc

Levels and vault maps discovered:
D:1:      beargit_arrival_greenhouse, layout_basic,
          chequers_serial_rivers_marsh, minmay_surrounded
D:2:      layout_loops_cross, basic_altar, nrook_mini_backslash
D:3:      layout_basic, serial_shops, nicolae_shop_advertising_works
          [nicolae_subvault_shop_adworks], cheibrodos_sewer_entry_bend,
          uniq_natasha

Skill      XL: |  1  2  3  4 |
---------------+-------------+-----
Ranged Weapons | 4 |  4.0
Fighting       | 3 |  3.0
Armour         | 1 |  1.6
Dodging        | |  2.5
Stealth        | |  0.7

Action                     |  1- 3 |  4- 6 || total
---------------------------+-------+-------++-------
   Fire: Shortbow          |    78 |    49 ||   127
    Use: Scroll            |     2 |     2 ||     4
 Armour: Leather armour    |    20 |     3 ||    23
         Ring mail         |       |    15 ||    15
  Dodge: Dodged            |    54 |     7 ||    61

Table legend:
 A = Non-vault XP
 B = Vault XP
 C = Vault XP percentage of total XP
 D = Non-vault monster count
 E = Vault monster count
 F = Vault count percentage of total count
                 A         B        C        D         E       F
            +---------+---------+-------+---------+---------+-------
      Total |     122 |      15 |  10.9 |      34 |       6 |  15.0
            +---------+---------+-------+---------+---------+-------
        D:1 |      17 |      11 |  39.3 |       8 |       5 |  38.5
        D:2 |      51 |       0 |   0.0 |      17 |       0 |   0.0
        D:3 |      54 |       4 |   6.9 |       9 |       1 |  10.0
            +---------+---------+-------+---------+---------+-------
